 Seeded DCSS version 0.28-a0-1159-g27aa881441 (webtiles) character file.

Game seed: 3047507878316767220 (custom seed)

237 croobank the Skirmisher (level 6, -3/49 HPs)
             Began as a Formicid Abyssal Knight on Dec 16, 2021.
             Was a Believer of Lugonu.
             Slain by a bullfrog skeleton (5 damage)
             ... on level 6 of the Dungeon.
             The game lasted 00:20:00 (2953 turns).

croobank the Skirmisher (Formicid Abyssal Knight)   Turns: 2953, Time: 00:20:04

Health: -3/49      AC:  5    Str: 18    XL:     6   Next: 28%
Magic:  5/8        EV: 12    Int: 11    God:    Lugonu [**....]
Gold:   196        SH:  0    Dex: 11    Spells: 5/8 levels left

rFire   . . .      SeeInvis +   a - +2 hand axe (flame)
rCold   + . .      Faith    .   (no shield)
rNeg    . . .      Spirit   .   g - +0 steam dragon scales
rPois   .          Reflect  .   (helmet unavailable)
rElec   .          Harm     .   (no cloak)
rCorr   .          Rampage  .   (no gloves)
Will    .....                   (boots currently unavailable)
Stlth   ++........              (no amulet)
HPRegen 0.16/turn               d - ring of wizardry
MPRegen 0.11/turn               i - ring of protection from cold

@: appendages (expiring), wereblooded
A: talons 2, permanent stasis, dig shafts and tunnels, antennae 3, four strong
arms
a: Dig, Shaft Self, End Transformation, Renounce Religion, Depart the Abyss,
Bend Space


You were on level 6 of the Dungeon.
You worshipped Lugonu.
Lugonu was pleased with you.
You had temporarily grown beastly talons.
You visited 1 branch of the dungeon, and saw 5 of its levels.
You visited the Abyss 1 time.

You collected 196 gold pieces.

Inventory:

Hand Weapons
 a - a +2 hand axe of flaming (weapon)
 b - a +0 hunting sling
Missiles
 h - 4 boomerangs (quivered)
 k - 18 stones
 m - 50 sling bullets
 n - 26 poisoned darts
Armour
 g - +0 steam dragon scales (worn)
Jewellery
 d - a ring of wizardry (left hand)
 i - a ring of protection from cold (right hand)
Scrolls
 c - 4 scrolls of identify {identify, unknown}
 e - a scroll of vulnerability {vulnerability, unknown}
 j - 3 scrolls of blinking {blink, unknown}
 l - a scroll of acquirement {acquisition, unknown}
 o - a scroll of immolation
Potions
 p - a potion of berserk rage {berzerk rage, unknown}


   Skills:
 + Level 4.3 Fighting
 + Level 3.6 Axes
 + Level 0.2 Throwing
 + Level 2.3 Armour
 + Level 1.8 Dodging
 + Level 1.6 Stealth
 + Level 1.8 Spellcasting
 + Level 1.7 Transmutations
 + Level 2.5 Invocations


You had 5 spell levels left.
You knew the following spells:

 Your Spells              Type           Power      Damage    Failure   Level
a - Beastly Appendage     Tmut           8%         N/A       6%          1
b - Wereblood             Tmut           4%         N/A       9%          2

Your spell library contained the following spells:

 Spells                   Type           Power      Damage    Failure   Level
 Spider Form              Tmut/Pois      2%         N/A       26%         3


Dungeon Overview and Level Annotations

Branches:
Dungeon (6/15)
 Temple: D:4-7

Altars:

Shops:
D:1 :   D:2 =


Innate Abilities, Weirdness & Mutations

You have temporarily grown beastly talons.
You cannot be hasted, slowed, berserked, paralysed or teleported.
You can dig through walls and to a lower floor.
You have a pair of large antennae on your head. (SInv)
Your four strong arms can wield two-handed weapons with a shield.


Message History

There are monsters nearby!
The orc shouts!
You hear a shout!
A bullfrog skeleton comes into view.
Casting: Beastly Appendage (safe; 6% risk of failure)
Confirm with . or Enter, or press ? or * to list all spells.
Your feet morph into talons.
Casting: Beastly Appendage (safe; 6% risk of failure)
Confirm with . or Enter, or press ? or * to list all spells.
Your blood is infused with primal strength.
Your transformation is almost over.
You hit the bullfrog skeleton. You burn the bullfrog skeleton.
Your kick misses the bullfrog skeleton.
The bullfrog skeleton is moderately damaged.
The bullfrog skeleton closely misses you. x2
The orc shouts!
You slash the bullfrog skeleton! You burn the bullfrog skeleton.
Your kick misses the bullfrog skeleton.
The bullfrog skeleton is severely damaged.
The bullfrog skeleton closely misses you.
You barely miss the bullfrog skeleton.
The bullfrog skeleton is severely damaged.
You completely miss the orc. The bullfrog skeleton hits you.
* * * LOW HITPOINT WARNING * * *
The orc closely misses you.
The bullfrog skeleton hits you but does no damage.
You hit the bullfrog skeleton. You burn the bullfrog skeleton.
You claw the bullfrog skeleton, but do no damage.
The bullfrog skeleton is almost destroyed.
You barely miss the orc. The orc hits you with a +0 club.
* * * LOW HITPOINT WARNING * * *
The bullfrog skeleton hits you.
* * * LOW HITPOINT WARNING * * *
Are you sure you want to shaft yourself?
The bullfrog skeleton hits you.
* * * LOW HITPOINT WARNING * * *
The orc hits you but does no damage.
The bullfrog skeleton barely misses you.
You begin to dig a shaft.
You continue digging a shaft.
The orc closely misses you. The bullfrog skeleton hits you.
You die...

..........
......... .........
....... .........
........# #........
........# #........
........# #.Z......
........# #@.......
.......{###o.......
...................
........{..........
.......<.....#....#
......o..(........#
..............#....
.o............#....
.o.................


You could see an orc and a bullfrog skeleton.

Vanquished Creatures
  An iguana (D:3)
  2 orc wizards (D:3)
  Robin (D:2)
  3 gnolls (D:3)
  4 adders
  3 dart slugs
  5 orcs (D:3)
  4 endoplasms
  2 giant cockroaches (D:2)
  8 goblins
  13 hobgoblins
  4 kobolds
  4 quokkas (D:1)
  5 ball pythons
  8 bats
  5 frilled lizards
  5 rats
77 creatures vanquished.

Vanquished Creatures (others)
  A goblin (D:2)
1 creature vanquished.

Grand Total: 78 creatures vanquished

Notes
Turn   | Place    | Note
-------+----------+-------------------------------------------
     0 | Abyss:1  | croobank the Formicid Abyssal Knight began the quest for
                  | the Orb.
     0 | Abyss:1  | Reached XP level 1. HP: 18/18 MP: 2/2
    77 | Abyss:1  | Found a corrupted altar of Lugonu.
   151 | Abyss:2  | Noticed a large abomination
   154 | D:1      | Escaped the Abyss
   285 | D:1      | Reached XP level 2. HP: 21/24 MP: 3/3
   438 | D:1      | Reached skill level 1 in Dodging
   482 | D:1      | Reached skill level 4 in Fighting
   574 | D:1      | Learned a level 1 spell: Beastly Appendage
   693 | D:1      | Reached ** piety under Lugonu
   694 | D:1      | Reached XP level 3. HP: 30/30 MP: 4/4
   931 | D:1      | Found Qehuiv's Book Shoppe.
  1149 | D:2      | Identified the +0 helmet "Ufupn" {rPois rC- rCorr Str-2}
  1149 | D:2      | Noticed Robin
  1156 | D:2      | Killed Robin
  1163 | D:2      | Reached XP level 4. HP: 13/37 MP: 5/5
  1379 | D:2      | Learned a level 2 spell: Wereblood
  1387 | D:2      | Found Ringib's Jewellery Shop.
  1519 | D:2      | Reached skill level 1 in Stealth
  1589 | D:2      | Found a faded altar of an unknown god.
  2085 | D:3      | Reached skill level 1 in Spellcasting
  2085 | D:3      | Reached XP level 5. HP: 12/42 MP: 3/6
  2367 | D:3      | Reached skill level 1 in Transmutations
  2683 | D:3      | Reached XP level 6. HP: 37/49 MP: 8/8
  2926 | D:3      | You fall into a shaft and drop 2 floors!
  2926 | D:5      | Entered Level 5 of the Dungeon
  2952 | D:6      | HP: 2/49 [bullfrog skeleton (4)]
  2953 | D:6      | Slain by a bullfrog skeleton

Illustrated notes

Levels and vault maps discovered:
D:1:      dpeg_arrival_rooms_with_view, layout_basic, serial_shops, shop
D:2:      layout_basic, serial_shops, shop, hellmonk_ecumenical_altar_blasted,
          amcnicky_mini_rare_corridor_liquid, solitary_fountain,
          minmay_misc_feat_four_crosses, uniq_robin
D:3:      minmay_razor_zed, layout_loops_cross
D:5:      layout_gridville, kennysheep_okawaru_gauntlet,
          gammafunk_ghost_cemetery
D:6:      layout_rooms, gammafunk_temple_overflow_wave, serial_shops, shop

Skill      XL: |  1  2  3  4  5 |
---------------+----------------+-----
Dodging        | 1 |  1.8
Fighting       | 4 |  4.3
Stealth        | 1 |  1.6
Axes           | 3 |  3.6
Spellcasting   | 1 |  1.8
Transmutations | 1 |  1.7
Throwing       | |  0.2
Armour         | |  2.3
Invocations    | |  2.5

Action                   |  1- 3 |  4- 6 || total
-------------------------+-------+-------++-------
Melee: Hand axe          |    78 |   128 ||   206
       Kick              |     2 |    15 ||    17
 Fire: Hunting sling     |       |     5 ||     5
Throw: Boomerang         |     8 |       ||     8
 Cast: Beastly Appendage |     6 |    20 ||    26
       Wereblood         |       |     4 ||     4
 Abil: Dig               |       |     1 ||     1
       Shaft Self        |       |     2 ||     2
  Use: Scroll            |     1 |     1 ||     2
       Potion            |       |     1 ||     1
 Stab: Sleeping          |     1 |     4 ||     5
Armor: Leather armour    |    10 |       ||    10
       Ring mail         |     9 |       ||     9
       Steam dragon scal |    19 |    37 ||    56
Dodge: Dodged            |    66 |    78 ||   144

Table legend: (Time is in decaauts)
 A = Elapsed time spent in this place.
 B = Non-inter-level travel time spent in this place.
 C = Inter-level travel time spent in this place.
 D = Time resting spent in this place.
 E = Time spent auto-exploring this place.
 F = Levels seen in this place.
 G = Mean time per level.
                   A        B        C        D        E       F      G
               +--------+--------+--------+--------+--------+-----+--------+
         Total |   2986 |   2971 |     15 |    637 |   1393 |   7 |  426.6 |
       Dungeon |   2832 |   2817 |     15 |    637 |   1316 |   5 |  566.4 |
         Abyss |    153 |    153 |      0 |      0 |     77 |   2 |   76.5 |
               +--------+--------+--------+--------+--------+-----+--------+

Top non-repeatable levels by time:
     D:2: 1026 daAuts
     D:3: 899 daAuts
     D:1: 879 daAuts
 Abyss:1: 120 daAuts
 Abyss:2: 33 daAuts
     D:5: 13 daAuts
     D:6: 13 daAuts
